 Dungeon Crawl Stone Soup version 0.22-a0-278-g8f80174 (webtiles) character file.

119 varam the Grave Robber (level 4, -4/36 HPs)
             Began as a Deep Dwarf Necromancer on Mar 15, 2018.
             Slain by an ogre
             ... wielding a +0 giant club
              (18 damage)
             ... on level 3 of the Dungeon.
             The game lasted 00:09:05 (2688 turns).

varam the Grave Robber (Deep Dwarf Necromancer)     Turns: 2688, Time: 00:09:06

Health: -4/36      AC:  2    Str: 11 (13) XL:     4   Next: 73%
Magic:  8/8        EV: 12    Int: 12 (15) God:
Gold:   252        SH:  0    Dex: 12 (13) Spells: 0/8 levels left

rFire    . . .     SeeInvis .   r - +0 great mace (crush)
rCold    . . .     Gourm    .   (shield currently unavailable)
rNeg     + . .     Faith    .   a - +0 robe
rPois    .         Spirit   .   (no helmet)
rElec    .         Reflect  .   (no cloak)
rCorr    .         Harm     .   (no gloves)
MR       .....                  (no boots)
Stlth    +.........             (no amulet)
HPRegen  0.00/turn              s - ring of loudness (curse)
MPRegen  0.11/turn              g - ring of positive energy

@: non-regenerating
A: damage resistance, heal wounds, sense surroundings 1, no regeneration
a: Heal Wounds


You were on level 3 of the Dungeon.
You were hungry.

You visited 1 branch of the dungeon, and saw 4 of its levels.

You collected 252 gold pieces.

Inventory:

Hand Weapons
 r - a +0 great mace of crushing (weapon)
Armour
 a - a +0 robe (worn)
 h - a +0 cloak
Jewellery
 g - a ring of positive energy (right hand)
 s - a cursed ring of loudness (left hand)
 v - an uncursed ring of positive energy
Wands
 w - a wand of random effects (35)
Scrolls
 b - 2 scrolls of identify {unknown}
 e - a scroll of amnesia {unknown}
 f - a scroll of magic mapping {unknown}
 i - 2 scrolls of teleportation {unknown}
 j - a scroll of noise {unknown}
 n - 4 scrolls of remove curse {unknown}
 o - a scroll of fog {unknown}
 p - a scroll of fear {unknown}
Potions
 d - 2 potions of degeneration
 k - a potion of cancellation {unknown}
 l - a potion of invisibility {unknown}
 m - 3 potions of ambrosia {unknown}
 q - a potion of heal wounds {unknown}
 u - 2 potions of magic {unknown}
 x - a potion of flight {unknown}
Comestibles
 c - 5 rations


   Skills:
 - Level 0.6 Maces & Flails
 - Level 2.1 Dodging
 - Level 2.4 Stealth
 + Level 2.7 Spellcasting
 + Level 6.0 Necromancy


You couldn't memorise any spells.
You knew the following spells:

 Your Spells              Type           Power        Failure   Level  Hunger
a - Pain                  Necr           ###.         1%          1    #......
b - Animate Dead          Necr           N/A          21%         4    #####..
c - Vampiric Draining     Necr           ###.......   6%          3    ###....


Dungeon Overview and Level Annotations

Branches:
Dungeon (4/15)
 Temple: D:4-7

Altars:

Annotations:
D:4 neds's ghost, amateur TrHu


Innate Abilities, Weirdness & Mutations

You are resistant to damage.
You can heal yourself by infusing magical energy.
You passively map a small area around you.
You do not regenerate.


Message History

There is a stone staircase leading down here.
You climb downwards.
Level annotation: neds's ghost, amateur TrHu The worker ant twitches its antennae in your direction.
The ogre shouts!
You hear an angry hiss.
You hear a shout!
The ogre hits you with a giant club!
A scorpion comes into view.
There is a stone staircase leading up, spattered with blood here.
The ogre misses you.
You climb upwards.
There is a stone staircase leading down here.
Cast which spell? (? or * to list)
Okay, then.
Okay, then.
It was a potion of degeneration.
There was something very wrong with that liquid.
You feel weakened.
You feel dopey.
You feel clumsy. The ogre hits you with a giant club!!
Ouch! That really hurt!
You die...

.......#.#..#####.###########.#
............# #..............#
.......#.#.#####..###..########
.......#.#.............#
.......#.#######..##...#
......##.#######..##...#
.........#.....#..##...#
......####.###.#O.<#...#
......####.# #.#@.###.##
...........# #.#.## #.#
##############.#.####.#
......................#
##############.#.###### #.#.#
##### #.#.# ....# #.#.#
###.##########.#.#


You could see an ogre.

Vanquished Creatures
  An iguana (D:4)
  A worker ant (D:4)
  2 adders (D:2)
  2 oozes (D:2)
  A worm (D:2)
  A dart slug (D:2)
  7 goblins
  2 hobgoblins
  6 jackals
  A quokka (D:2)
  3 bats
  3 frilled lizards (D:1)
  6 kobolds
  3 rats
39 creatures vanquished.

Notes
Turn   | Place    | Note
-------+----------+-------------------------------------------
     0 | D:1      | varam the Deep Dwarf Necromancer began the quest for the Orb.
     0 | D:1      | Reached XP level 1. HP: 15/15 MP: 3/3
     6 | D:1      | Noticed a merfolk zombie
     8 | D:1      | Noticed a minotaur zombie
    11 | D:1      | Noticed a merfolk zombie
    13 | D:1      | Noticed a merfolk zombie
    17 | D:1      | Noticed a minotaur zombie
   686 | D:1      | Reached XP level 2. HP: 22/22 MP: 2/4
   881 | D:2      | Reached skill level 5 in Necromancy
  1067 | D:2      | Reached XP level 3. HP: 28/28 MP: 1/5
  1091 | D:2      | Reached skill level 2 in Spellcasting
  2107 | D:3      | Reached XP level 4. HP: 16/36 MP: 2/7
  2432 | D:4      | Noticed neds's ghost (amateur TrHu)
  2465 | D:3      | Learned a level 4 spell: Animate Dead
  2469 | D:3      | Learned a level 3 spell: Vampiric Draining
  2532 | D:4      | Noticed an ogre
  2636 | D:4      | Reached skill level 6 in Necromancy
  2688 | D:3      | Slain by an ogre

Vault maps used:
D:1:      shiori_arrival_whats_in_store_for_you, minmay_misc_feat_nine_boxes
D:2:      first_ration
D:4:      minmay_misc_feat_square, hangedman_abyss_or_decor_lesser_grid,
          uniq_blork_the_orc, uniq_menkaure, uniq_edmund

Skill      XL: |  1  2  3  4 |
---------------+-------------+-----
Necromancy     | 5 6 |  6.0
Spellcasting   | 2 |  2.7
Maces & Flails | |  0.6
Dodging        | |  2.1
Stealth        | |  2.4

Action                   |  1- 3 |  4- 6 || total
-------------------------+-------+-------++-------
Melee: Great mace        |    35 |     1 ||    36
 Cast: Pain              |    52 |    10 ||    62
       Vampiric Draining |       |     1 ||     1
 Abil: Heal Wounds       |       |     1 ||     1
  Use: Potion            |       |     1 ||     1
  Eat: Chunk             |     5 |     1 ||     6
Armor: Robe              |     7 |       ||     7
Dodge: Dodged            |    44 |     7 ||    51

Table legend:
 A = Spawn XP
 B = Non-spawn XP
 C = Spawn XP percentage of total XP
 D = Spawn monster count
 E = Non-spawn monster count
 F = Spawn count percentage of total count
 G = Total turns spent on level
                    A         B        C        D         E        F      G
               +---------+---------+-------+---------+---------+-------+---------
         Total |       0 |     170 |   0.0 |       0 |      39 |   0.0 |  2688
               +---------+---------+-------+---------+---------+-------+---------
           D:1 |       0 |      14 |   0.0 |       0 |      10 |   0.0 |   876
           D:2 |       0 |      74 |   0.0 |       0 |      21 |   0.0 |   790
           D:3 |       0 |      10 |   0.0 |       0 |       6 |   0.0 |   916
           D:4 |       0 |      72 |   0.0 |       0 |       2 |   0.0 |   106
               +---------+---------+-------+---------+---------+-------+---------
